 Dungeon Sprint DCSS version 0.28.0-53-g5a82cb258f (webtiles) character file.

Game seed: 15415170416309831124

24 Zeld the Chopper (level 3, -1/36 HPs)
             Began as a Hill Orc Monk on June 7, 2022.
             Slain by a yak (6 damage)
             ... in the Dungeon (Sprint I: "Red Sonja").
             The game lasted 00:00:26 (88 turns).

Zeld the Chopper (Hill Orc Monk)                      Turns: 88, Time: 00:00:28

Health: -1/36      AC:  2    Str: 15    XL:     3   Next: 2%
Magic:  3/3        EV: 13    Int: 10    God:
Gold:   0          SH:  0    Dex: 13    Spells: 2/2 levels left

rFire   . . .      SeeInvis .   a - +0 hand axe
rCold   . . .      Faith    .   (no shield)
rNeg    . . .      Spirit   .   b - +0 robe
rPois   .          Reflect  .   (no helmet)
rElec   .          Harm     .   (no cloak)
rCorr   .          Rampage  .   (no gloves)
Will    .....      NoTele   +   (no boots)
Stlth   ++........              (no amulet)
HPRegen 0.12/turn               (no ring)
MPRegen 0.08/turn               (no ring)

@: no status effects
A: no striking features
a: no special abilities


You were in the Dungeon.
You visited 1 branch

Inventory:

Hand Weapons
 a - a +0 hand axe (weapon)
Armour
 b - a +0 robe (worn)
Wands
 g - a wand of digging (3)
Scrolls
 h - a scroll of blinking
Potions
 c - a potion of curing
 d - a potion of heal wounds
 e - a potion of haste
 f - 2 potions of magic


   Skills:
 * Level 5.3 Fighting
 * Level 5.9 Axes
 + Level 3.1 Dodging
 + Level 2.5 Stealth


You had 2 spell levels left.
You didn't know any spells.
Your spell library was empty.

Dungeon Overview and Level Annotations

Branches:
Dungeon (1/1)

Altars:
Cheibriados
Dithmenos
Elyvilon
Fedhas
Gozag
Hepliaklqana
Kikubaaqudgha
Makhleb
Nemelex Xobeh
Okawaru
Qazlal
Ru
Sif Muna
Trog
Uskayaw
Vehumet
Wu Jian
Xom
Yredelemnul
Zin
The Shining One
Jiyva
Lugonu

Shops:
D !


Message History

Aiming: Dig
Press: ? - help, Shift-Dir - straight line A rock wall.
The rock shatters into small pieces.
Found eight altars.
Unknown command.
A yak comes into view.
Found 54 gold pieces.
Found Betiwiono's Distillery.
Found eight altars.
The yak bellows!
Press: ? - help, v - describe, . - travel
Here: a yak A hazy altar of Hepliaklqana.
There is a basalt altar of Yredelemnul here.
The yak gores you!
There is an entrance to Betiwiono's Distillery here.
The yak gores you.
You open the door.
A jelly comes into view.
The yak gores you!
Found three altars.
There is an open door here.
Found 17 gold pieces.
Found 10 gold pieces.
There is an ornate altar of the Wu Jian Council here.
You see here 17 gold pieces.
You see here 10 gold pieces.
You open the door.
Found 108 gold pieces.
The yak barely misses you.
There is an open door here.
You open the door.
A slime creature comes into view.
The yak gores you!
* * * LOW HITPOINT WARNING * * *
Found a viscous altar of Jiyva and a corrupted altar of Lugonu.
Found a burning altar of Makhleb and a shimmering altar of Xom.
There is an open door here.
You see here 27 gold pieces.
The yak gores you.
You die...

####### #######
#<.#..+ +@$#__#
#..').# #$Y'.J+
#..#### ##'#__#
#..#### #$####
#..#__#### ##$#
#..#_____##+#_.+
#⌠⌠#_.∩...'..._#
###._..__##_J#+#
#$$#_____###+#


You could see a slime creature (asleep) and a yak.

Vanquished Creatures
  Ijyb (D)
1 creature vanquished.

Notes
Turn   | Place    | Note
-------+----------+-------------------------------------------
     0 | D        | Zeld the Hill Orc Monk began the quest for the Orb.
     0 | D        | Reached XP level 1. HP: 19/19 MP: 1/1
     2 | D        | Noticed Ijyb
    11 | D        | Killed Ijyb
    12 | D        | Reached skill level 5 in Fighting
    12 | D        | Reached skill level 5 in Axes
    12 | D        | Reached XP level 2. HP: 29/29 MP: 2/2
    12 | D        | Reached XP level 3. HP: 36/36 MP: 3/3
    68 | D        | Found a basalt altar of Yredelemnul.
    68 | D        | Found a hide-covered altar of Uskayaw.
    68 | D        | Found a hazy altar of Hepliaklqana.
    68 | D        | Found a shadowy altar of Dithmenos.
    68 | D        | Found a sacrificial altar of Ru.
    68 | D        | Found a snail-covered altar of Cheibriados.
    68 | D        | Found an opulent altar of Gozag.
    68 | D        | Found a sparkling altar of Nemelex Xobeh.
    69 | D        | Found an ancient bone altar of Kikubaaqudgha.
    69 | D        | Found Betiwiono's Distillery.
    69 | D        | Found a glowing golden altar of the Shining One.
    69 | D        | Found an iron altar of Okawaru.
    69 | D        | Found a bloodstained altar of Trog.
    69 | D        | Found a blossoming altar of Fedhas.
    69 | D        | Found a stormy altar of Qazlal.
    69 | D        | Found a white marble altar of Elyvilon.
    69 | D        | Found a glowing silver altar of Zin.
    69 | D        | Noticed a yak
    76 | D        | Found a shimmering blue altar of Sif Muna.
    76 | D        | Found a radiant altar of Vehumet.
    76 | D        | Found an ornate altar of the Wu Jian Council.
    85 | D        | Found a viscous altar of Jiyva.
    85 | D        | Found a corrupted altar of Lugonu.
    85 | D        | Noticed a slime creature
    86 | D        | Found a burning altar of Makhleb.
    86 | D        | Found a shimmering altar of Xom.
    88 | D        | Slain by a yak

Illustrated notes

Levels and vault maps discovered:
D:        dungeon_sprint_1 [red_sonja_temple_1, red_sonja_temple_small_1]

Skill      XL: |  1 |
---------------+----+-----
Fighting       | 5 |  5.3
Axes           | 5 |  5.9
Dodging        | 3 |  3.1
Stealth        | 2 |  2.5

Action                   || total
-------------------------++-------
Melee: Hand axe          ||     7
Evoke: Wand              ||     1
  Use: Potion            ||     1
Dodge: Dodged            ||     4
